Cogmind - Beta 16 --- EXPLORER MODE // 2025.11.12 @ 11:54:03 Player: K.K.Y. Result: Self-destructed Performance ------------- Evolutions (3) 1500 Regions Visited (4) 800 Robots Destroyed (121) 605 Value Destroyed (3485) 3485 Prototype IDs (23) 460 Alien Tech Used (0) 0 Bonus (32) 32 TOTAL SCORE: 6882 Bonus ------- Follower Combat Kills 103 Friendly Fire -71 Cogmind --------- Core Integrity 690/700 Matter 295/300 Energy 470/470 System Corruption 2% Temperature Cool (66) Movement Walking (130) Location -7/Factory Parts ------- > --- POWER (2) -------- Heavy Ion Engine Improved Deuterium Engine > --- PROPULSION (6) --- Improved Titanium Leg Improved Titanium Leg Improved Titanium Leg Improved Titanium Leg Cargo Legs > --- UTILITY (4) ------ Improved Heat Sink Machine Analyzer Recalibrator V3-11A's Pendant > --- WEAPON (2) ------- Improved EM Shotgun Precision Beam Rifle > --- INVENTORY (5) ---- Deuterium Engine Subdweller Monowheel Terrain Scanner Scrap Shield Peak State ------------ > --- POWER ------------ Heavy Ion Engine Improved Deuterium Engine > --- PROPULSION ------- Improved Titanium Leg Improved Titanium Leg Improved Titanium Leg Improved Titanium Leg Cargo Legs > --- UTILITY ---------- Improved Heat Sink Humpback Machine Analyzer Recalibrator V3-11A's Pendant > --- WEAPON ----------- Improved EM Shotgun Precision Beam Rifle > --- INVENTORY -------- Subdweller Power Source Deuterium Engine Deuterium Engine Light Nuclear Core Subdweller Monowheel Large Storage Unit Large Storage Unit Structural Scanner Subdweller Optics Subdweller Optics Subdweller Optics Subdweller Optics Subdweller Optics Subdweller Optics Sensor Array Terrain Scanner Improved Terrain Scan Processor Transport Network Coupler Scrap Shield Beam Rifle Precision Beam Rifle Subdweller Beam Cannon Subdweller Beam Cannon Subdweller Beam Cannon Subdweller Beam Cannon Subdweller Beam Cannon Subdweller Beam Cannon Plasma Cannon Subdweller Machine Gun Subdweller Machine Gun High-powered Shotgun Gauss Rifle Flak Gun Datajack [Rating: 68] Favorites ----------- Power Ion Engine Engine Ion Engine Propulsion Cargo Legs Leg Cargo Legs Flight Unit Improved Flight Unit Utility Humpback Device V3-11A's Pendant Storage Humpback Processor Signal Interpreter Protection Light Armor Plating Weapon Battle Cannon Energy Gun Precision Beam Rifle Energy Cannon Subdweller Beam Cannon Ballistic Gun Makeshift Shrapnel Gun Ballistic Cannon Battle Cannon Launcher Grenade Launcher Build | -11 -10 -10 -8 -7 ------- Run | Yrd Mat Sub Mat Fac Slots Evolved 7 | . 1 . 4 2 Power 1 | . . . . 1 Propulsion 4 | . 1 . 3 . Utility 2 | . . . 1 1 Weapon . | . . . . . Parts Attached 63 | 7 4 9 39 4 Power 5 | 1 . . 3 1 Engine 5 | 1 . . 3 1 Core . | . . . . . Reactor . | . . . . . Propulsion 17 | 2 1 1 13 . Treads . | . . . . . Leg 16 | 2 1 1 12 . Wheel . | . . . . . Hover . | . . . . . Flight 1 | . . . 1 . Utility 21 | 2 . 4 12 3 Device 10 | . . 2 5 3 Storage 3 | 1 . 2 . . Processor 6 | 1 . . 5 . Hackware . | . . . . . Protection 2 | . . . 2 . Artifact . | . . . . . Weapon 20 | 2 3 4 11 . Energy Gun 14 | 2 2 . 10 . Energy Cannon 1 | . . 1 . . Ballistic Gun 2 | . . 1 1 . Ballistic Cannon 2 | . . 2 . . Launcher 1 | . 1 . . . Special Weapon . | . . . . . Impact Weapon . | . . . . . Slashing Weapon . | . . . . . Piercing Weapon . | . . . . . Special Melee Weapon . | . . . . . Unidentified Prototypes 7 | . . 2 5 . Parts Lost 9 | . . 6 2 1 Power 1 | . . 1 . . Propulsion 2 | . . 2 . . Utility 1 | . . . . 1 Weapon 5 | . . 3 2 . Highest Loss Streak 3 | . . 3 1 1 To Critical Strikes . | . . . . . Average Backups 26 | . 4 26 33 33 Power 3 | . . 3 4 3 Propulsion 2 | . . 2 2 1 Utility 9 | . 1 9 12 14 Weapon 11 | . 1 11 14 13 Tool/Special . | . . . . . Unused Backups 51 | . . 7 10 34 Power 8 | . . 1 3 4 Propulsion 5 | . . 2 2 1 Utility 19 | . . 3 2 14 Weapon 18 | . . 1 3 14 Tool/Special 1 | . . . . 1 Average Slot Usage (%) 74 | . 99 67 80 80 Engine 5 | . 12 3 6 10 Leg 21 | . 36 14 33 31 Device 12 | . . 13 11 13 Storage 9 | . 12 10 7 5 Processor 6 | . 12 5 7 6 Energy Gun 5 | . 22 . 9 12 Ballistic Gun 4 | . . 5 2 . Ballistic Cannon 7 | . . 12 . . Peak Build Rating 68 | 7 9 34 60 68 Average Rating 34 | 3 8 29 52 63 On Entrance 22 | . 7 9 34 60 Avg Prop Armor Cover (%) 4 | . . . 23 3 Naked Turns . | . . . . . Heaviest Build 226 | 19 20 217 218 226 Greatest Support 135 | 20 30 65 135 135 Greatest Overweight (x) 71 | . . 3 71 1 Average Overweight (x) 1 | . . 2 1 1 Largest Inventory Capacity 35 | 10 10 35 35 35 Average Capacity 31 | 7 10 32 35 34 Most Carried 35 | 5 10 34 35 35 Average Carried 27 | . 4 27 34 34 Final Capacity 35 | 10 10 35 35 5 Final Carried 35 | . 10 33 35 5 Class Distribution -------------------- 84% | Hauler-Mutant 15% | Hacker-Mutant Dominant Class ---------------- Hacker-Mutant | -10/Materials Hauler-Mutant | -10/Subcaves Hauler-Mutant | -8/Materials Hauler-Mutant | -7/Factory Resources | -11 -10 -10 -8 -7 ----------- Run | Yrd Mat Sub Mat Fac Matter Collected 2508 | 215 215 880 1155 43 Remotely . | . . . . . Salvage Created 4348 | . 931 570 2420 427 Parts 240 | . 55 37 126 22 Haulers Intercepted 5 | . 2 . 3 . Recyclers Shooed 6 | . 2 . 4 . Parts Field Recycled . | . . . . . Retrieved Matter . | . . . . . Parts Self-Destructed . | . . . . . Prevented . | . . . . . Parts Restored . | . . . . . Kills | -11 -10 -10 -8 -7 ------- Run | Yrd Mat Sub Mat Fac Combat Hostiles Destroyed 78 | . 10 18 44 6 Guns 52 | . 7 . 40 5 Cannons 12 | . . 11 1 . AOE 12 | . 3 7 1 1 Classes Destroyed 13 | . 7 3 3 . Worker 9 | . 3 . 5 1 Builder 10 | . 5 . 5 . Hauler 5 | . 2 . 3 . Recycler 8 | . 4 . 3 1 Operator 2 | . . . 1 1 Watcher 9 | . 3 . 5 1 Swarmer 14 | . 4 . 8 2 Grunt 35 | . 6 2 23 4 Brawler 1 | . . . 1 . Sentry 12 | . . . 12 . Artisan 2 | . . 2 . . Cobbler 1 | . . 1 . . Subdweller 16 | . . 16 . . Best Kill Streak 7 | . 6 2 7 4 Combat Bots Only 7 | . 4 2 7 2 Max Kills in Single Turn 2 | . 2 1 2 2 Gunslinging 1 | . . . 1 . Exploded 1 | . 1 1 1 1 Melee . | . . . . . Uniques/NPCs Destroyed . | . . . . . Combat | -11 -10 -10 -8 -7 -------- Run | Yrd Mat Sub Mat Fac Hostile Shots Fired 336 | . 33 70 206 27 Missed 100 | . 10 22 62 6 Hits 236 | . 23 48 144 21 Projectile 236 | . 23 48 144 21 AOE 5 | . . 5 . . Critical Strikes 9 | . . 1 7 1 Part Disruptions 1 | . . . . 1 Damage Taken 2630 | . 216 875 1281 258 Core 309 | . 43 100 156 10 Absorbed by Shields . | . . . . . Ignored by Resistances 1566 | . 143 489 780 154 Core Remaining (%) 71 | 100 . 42 71 . Volleys Fired 340 | . 61 107 155 17 Largest 2 | . 2 2 2 2 Hottest 126 | . 100 80 126 106 Shots Fired 579 | . 114 172 261 32 Gun 405 | . 103 15 255 32 Cannon 146 | . . 140 6 . Launcher 28 | . 11 17 . . Special . | . . . . . Kinetic 222 | . . 137 85 . Thermal 176 | . 32 18 109 17 Explosive 28 | . 11 17 . . Electromagnetic 153 | . 71 . 67 15 Robot Hit Streak 72 | . 25 29 72 13 Robot Miss Streak 3 | . 1 1 3 1 Penetration Max . | . . . . . Secondary Targets 4 | . 2 . 1 1 Max Gunslinging Chain 1 | . 1 . 1 1 Shots Hit Robots 373 | . 68 69 209 27 Core Hits 223 | . 35 38 126 24 Critical Kills . | . . . . . Critical Parts Destroyed . | . . . . . Critical Strikes 18 | . 5 3 9 1 Burn 9 | . . . 8 1 Blast 3 | . . 3 . . Corrupt 6 | . 5 . 1 . Melee Attacks . | . . . . . Impact . | . . . . . Slashing . | . . . . . Piercing . | . . . . . Sneak Attacks . | . . . . . Combat Hostiles . | . . . . . Follow-up Attacks . | . . . . . Damage Inflicted 8857 | . 1451 1984 4735 687 Guns 5520 | . 909 29 4103 479 Cannons 1298 | . . 1216 82 . Explosions 1683 | . 509 713 301 160 Melee . | . . . . . Ramming 356 | . 33 26 249 48 Kinetic 2685 | . . 873 1812 . Thermal 2875 | . 482 372 1685 336 Explosive 1054 | . 227 713 114 . Electromagnetic 1887 | . 709 . 875 303 Impact . | . . . . . Slashing . | . . . . . Piercing . | . . . . . Highest Corruption 3 | . 3 3 3 2 Average Corruption 2 | . 2 3 2 1 Corruption Purged . | . . . . . Corruption Blocked . | . . . . . Effects 228 | . 12 151 64 1 Message Errors 65 | . 4 45 15 1 Matter Fused 44 | . . 31 13 . Heat Flow Errors 26 | . 2 18 6 . Energy Discharges 31 | . 2 22 7 . Parts Rejected 1 | . . . 1 . Parts Fused 1 | . . 1 . . Data Loss (minor) 23 | . 3 14 6 . Data Loss (major) 15 | . . 8 7 . Misfires 9 | . 1 5 3 . Alerts 8 | . . 6 2 . Weapon Failures 5 | . . 1 4 . Overload Shots . | . . . . . Overflow Damage 171 | . 45 . 104 22 Projectiles . | . . . . . Explosions 49 | . 45 . . 4 Melee 122 | . . . 104 18 Knockbacks 9 | . . 8 1 . Impact 3 | . . 2 1 . Kinetic 6 | . . 6 . . Secondary . | . . . . . Self-Inflicted Damage 164 | . 64 31 . 69 Shots 13 | . 4 5 . 4 Rammed . | . . . . . Targets Rammed 16 | . 5 3 7 1 Kicked 16 | . 5 3 7 1 Crushed . | . . . . . Highest Temperature 291 | . 262 259 291 54 Average Temperature 63 | . 63 98 57 31 Received Heat Transfer 1410 | . 108 114 1017 171 Effects 2 | . 1 . 1 . Energy Bleed 2 | . 1 . 1 . Siege Activations . | . . . . . Martial Activations . | . . . . . Shielding Activations . | . . . . . Robots Disrupted . | . . . . . Combat Hostiles . | . . . . . Robots Corrupted 3 | . . . 3 . Combat Hostiles . | . . . . . Parts Fried 8 | . 2 . 5 1 Impact Corruptions 6 | . . . 5 1 Robots Melted 2 | . . . 2 . Combat Hostiles 2 | . . . 2 . Parts Melted 12 | . 1 . 10 1 Heat Transferred 6039 | . 892 481 3998 668 Parts Sabotaged . | . . . . . Parts Stolen . | . . . . . Parts Stripped . | . . . . . Power Chain Reactions 14 | . 6 . 4 4 Alert | -11 -10 -10 -8 -7 ------- Run | Yrd Mat Sub Mat Fac Maximum Alert Level 1 | . . . 1 . Low Security (%) 88 | 100 100 . 80 100 Level 1 11 | . . . 19 . Level 2 . | . . . . . Level 3 . | . . . . . Level 4 . | . . . . . Level 5 . | . . . . . High Security . | . . . . . Max Security . | . . . . . Peak Influence 383 | . 84 . 383 57 Initial . | . . . . . Average 56 | . 13 . 88 6 Influence Increases 2262 | . 469 50 1511 232 Destroy 0b10 Robot/C 1300 | . 200 40 940 120 Destroy 0b10 Robot/NC 215 | . 85 . 110 20 Destroy Leader 338 | . 50 10 246 32 Successful Hack 102 | . 33 . 54 15 Disable Machine 64 | . 8 . 28 28 Destroy Structure 138 | . 63 . 58 17 Lose Combat Pursuer 105 | . 30 . 75 . Influence Decreases 2210 | . 469 50 1511 180 Time Decay 2153 | . 469 50 1471 163 Lost Part 30 | . . . 20 10 Lost Ally 20 | . . . 20 . Purge Threat 7 | . . . . 7 Squads Dispatched 16 | . 1 . 11 4 Investigation 8 | . 1 . 4 3 Extermination 1 | . . . . 1 Reinforcement 4 | . . . 4 . Assault . | . . . . . Garrison 3 | . . . 3 . Intercept . | . . . . . Searches Triggered . | . . . . . Construction Impeded 2 | . . . 2 . Haulers Reinforced . | . . . . . Active Scanning Responses . | . . . . . Cargo Convoy Interrupts . | . . . . . Stealth | -11 -10 -10 -8 -7 --------- Run | Yrd Mat Sub Mat Fac Distress Signals 9 | . 1 . 7 1 Communications Jammed . | . . . . . Distress Signals . | . . . . . Times Spotted 109 | . 15 17 66 11 Peak Tracking Total 6 | . 5 2 6 3 Tactical Retreats 4 | . 2 . 2 . Traps | -11 -10 -10 -8 -7 ------- Run | Yrd Mat Sub Mat Fac Traps Triggered 8 | . 4 2 2 . Indirectly . | . . . . . Trap Hack Attempts . | . . . . . Triggered . | . . . . . Disarmed 6 | . 6 . . . Reprogrammed . | . . . . . Reused . | . . . . . Traps Extracted . | . . . . . Installed . | . . . . . Triggered . | . . . . . Machines | -11 -10 -10 -8 -7 ---------- Run | Yrd Mat Sub Mat Fac Machines Disabled 17 | . 2 1 7 7 Max in Single Turn 3 | . 1 1 1 3 Garrison Access 2 | . . . 1 1 Machines Repaired . | . . . . . Machines Dismantled . | . . . . . Machines Sabotaged . | . . . . . Overloaded Fab Kills . | . . . . . Hacking | -11 -10 -10 -8 -7 --------- Run | Yrd Mat Sub Mat Fac Machines Accessed 25 | . 6 2 10 7 Terminals 17 | . 6 . 7 4 Fabricators 2 | . . . . 2 Repair Stations 1 | . . . 1 . Recycling Units . | . . . . . Scanalyzers 1 | . . . 1 . Garrison Access 2 | . . . 1 1 Total Hacks 81 | . 22 13 29 17 Successful 49 | . 12 13 16 8 Failed 32 | . 10 . 13 9 Catastrophic 5 | . 1 . 2 2 Database Lockouts . | . . . . . Manual 15 | . 2 . 9 4 Terminals 54 | . 22 . 20 12 Fabricators 3 | . . . . 3 Repair Stations 2 | . . . 2 . Recycling Units . | . . . . . Scanalyzers 3 | . . . 3 . Garrison Access 6 | . . . 4 2 Terminal Hacks 41 | . 12 13 11 5 Record 13 | . . 12 . 1 Robot Schematic 1 | . . . . 1 Prototype ID Bank 2 | . . . 2 . Open DSF 1 | . . . . 1 Branch Access Points 1 | . 1 . . . Emergency Access Points 3 | . 2 . 1 . Machine Index 1 | . 1 . . . Unreport Threat 1 | . . . . 1 Locate Traps 2 | . . . 2 . Disarm Traps 1 | . 1 . . . Recall Reinforcements 1 | . 1 . . . Registered Components 1 | . 1 . . . Registered Prototypes 2 | . 1 . 1 . Zone Layout 10 | . 4 . 5 1 Proto ID Catalog 1 | . . 1 . . Fabricator Hacks 2 | . . . . 2 Network Status 2 | . . . . 2 Repair Station Hacks 1 | . . . 1 . Scan Component 1 | . . . 1 . Recycling Unit Hacks . | . . . . . Scanalyzer 3 | . . . 3 . Retrieve Study 3 | . . . 3 . Garrison Access Hacks 2 | . . . 1 1 Seal Access 2 | . . . 1 1 Unauthorized Hacks . | . . . . . Terminals . | . . . . . Fabricators . | . . . . . Repair Stations . | . . . . . Recycling Units . | . . . . . Scanalyzers . | . . . . . Garrison Access . | . . . . . Data Cores Recovered 1 | . . . . 1 Used . | . . . . . Hacking Detections 15 | . 5 . 6 4 Full Trace Events 12 | . 4 . 5 3 Feedback Events 2 | . 1 . . 1 Corruption 2 | . 1 . . 1 Feedback Blocked . | . . . . . Robot Schematics Acquired 1 | . . . . 1 Robots Built . | . . . . . Authchips . | . . . . . Time . | . . . . . Total Robot Build Rating . | . . . . . Part Schematics Acquired . | . . . . . Parts Built . | . . . . . Authchips . | . . . . . Time . | . . . . . Total Part Build Rating . | . . . . . Part Studies Acquired 3 | . . . 3 . Parts Repaired . | . . . . . Time . | . . . . . Parts Recycled . | . . . . . Recycled Matter . | . . . . . Retrieved Matter . | . . . . . Retrieved Components . | . . . . . Parts Scanalyzed . | . . . . . Part Schematics Acquired . | . . . . . Parts Damaged . | . . . . . Bothacking | -11 -10 -10 -8 -7 ------------ Run | Yrd Mat Sub Mat Fac Used RIF Installer . | . . . . . Robots Hacked . | . . . . . Non-combat . | . . . . . Combat . | . . . . . Robot Hacks Applied . | . . . . . Relay Couplers Released . | . . . . . Fabnet Peak Effective % . | . . . . . Robots Rewired . | . . . . . Allies Hacked . | . . . . . Hacks Repelled . | . . . . . Allies | -11 -10 -10 -8 -7 -------- Run | Yrd Mat Sub Mat Fac Total Allies 1 | . . 1 . . Largest Group 1 | . . 1 1 . Highest-Rated Group 19 | . . 19 19 . Highest-Rated Ally 19 | . . 19 19 . Total Orders . | . . . . . Ally Attacks 11 | . . . 11 . Total Damage 189 | . . . 189 . Kills 3 | . . . 3 . Allies Corrupted . | . . . . . Allies Melted . | . . . . . Intel | -11 -10 -10 -8 -7 ------- Run | Yrd Mat Sub Mat Fac Active Infowar (turns) 11696 | . . 7739 3108 849 Terrain 7967 | . . 7739 228 . Machine Analysis 3821 | . . . 2972 849 Robot Analysis Total . | . . . . . Derelict Logs Recovered . | . . . . . Drone Launches . | . . . . . Drone Recoveries . | . . . . . Exploration | -11 -10 -10 -8 -7 ------------- Run | Yrd Mat Sub Mat Fac Turns Passed 13859 | 88 1189 8625 3108 849 Spaces Moved 5051 | 48 825 2540 1243 395 Core 24 | 19 . . 5 . Treads . | . . . . . Legs 5027 | 29 825 2540 1238 395 Wheels . | . . . . . Hover . | . . . . . Flight . | . . . . . Fastest Speed 50 | 50 120 120 183 200 Average Speed 239 | 92 120 303 206 200 Slowest Speed 3600 | 120 120 340 3600 200 Overloaded Moves . | . . . . . Propulsion Burnouts . | . . . . . Robots Hopped . | . . . . . Potential Cave-ins 2 | . . 2 . . Cave-ins Triggered . | . . . . . Exploration Rate (%) 55 | 5 93 68 97 14 Regions Visited 4 Branch Regions 1 Pre-discovered Areas 1 | . . 1 . . Known Exits Taken 4 | 1 1 1 1 . Unknown Exits Taken . | . . . . . Scrap Searched 6 | . . 6 . . Spaces Dug 37 | . 34 3 . . Terrain Destroyed 247 | . 97 65 72 13 Melee . | . . . . . Projectile 4 | . . 4 . . AOE 243 | . 97 61 72 13 Terrain Rammed . | . . . . . Walls Destroyed . | . . . . . Machines Disabled . | . . . . . Actions | -11 -10 -10 -8 -7 --------- Run | Yrd Mat Sub Mat Fac Total 6240 | 91 907 3286 1529 427 Wait 625 | 31 . 568 26 . Move 5047 | 47 824 2539 1242 395 Hop . | . . . . . Pick Up 75 | 6 11 41 13 4 Fast Attach 34 | 1 . 1 29 3 Attach 16 | 6 1 7 2 . Detach 7 | . . 2 5 . Swap 21 | . 5 2 13 1 Drop 59 | . . 16 37 6 Fire 340 | . 61 107 155 17 Melee . | . . . . . Ram . | . . . . . Kick 16 | . 5 3 7 1 Crush . | . . . . . Escape Stasis . | . . . . . Rewire . | . . . . . Trap . | . . . . . Miscellaneous . | . . . . . Route ------- -11/Scrapyard -10/Materials (discovered 5 exits: *Mat x3 / *Min / *Sub) -10/Subcaves -8/Materials (discovered 3 exits: *Fac x3) -7/Factory (discovered 6 exits: Fac x2 / Sto x2 / *Low x2) History --------- Turn | Location | Event 37 | -11/Scrapyard | Identified exit to Materials 37 | -11/Scrapyard | Discovered exit to Materials (range 15) 89 | -11/Scrapyard | Entered Materials 89 | -10/Materials | Evolved 1 slot: Propulsion x1 160 | -10/Materials | Identified exit to Mines 160 | -10/Materials | Discovered exit to Mines (range 16) 256 | -10/Materials | Identified exit to Materials 256 | -10/Materials | Discovered exit to Materials (range 14) 306 | -10/Materials | Build established: Hacker-Mutant 373 | -10/Materials | Discovered exit to Materials (range 15) 561 | -10/Materials | Discovered exit to Materials (range 15) 1272 | -10/Materials | Identified exit to Subcaves 1272 | -10/Materials | Discovered exit to Subcaves (range 8) 1278 | -10/Materials | Entered Subcaves 1378 | -10/Subcaves | Ambushed by Subdweller buried in earth 1380 | -10/Subcaves | Ambushed by angry Subdweller bent on revenge 1580 | -10/Subcaves | Identified exit to Materials 1580 | -10/Subcaves | Discovered exit to Materials (range 6) 1664 | -10/Subcaves | Lost 3 parts (1n2w) 1686 | -10/Subcaves | Shifting Twisted Machinery released Sub. Beam Cannon 1759 | -10/Subcaves | Shifting Twisted Machinery released Sub. Optics 1818 | -10/Subcaves | Visited Clippyterm 1823 | -10/Subcaves | Learned Factory trap positions 1823 | -10/Subcaves | Learned 40 Factory zone layouts 2138 | -10/Subcaves | Visited 4L-MR0's lab 2161 | -10/Subcaves | Found Prototype Leg 2161 | -10/Subcaves | Identified Cargo Legs 2163 | -10/Subcaves | Attached Cargo Legs, gained temporary slots: Utility x2 2451 | -10/Subcaves | Build established: Hauler-Mutant 2580 | -10/Subcaves | Shifting Twisted Machinery released Sub. Laser 2736 | -10/Subcaves | Learned location of Zion (-7) 2736 | -10/Subcaves | Met a Zionite searching for "candidates" 3239 | -10/Subcaves | Ambushed by angry Subdweller bent on revenge 3327 | -10/Subcaves | Ambushed by angry Subdweller bent on revenge 4837 | -10/Subcaves | Core integrity fell below 50% 5010 | -10/Subcaves | A swath of the cavern ceiling suddenly collapsed 5751 | -10/Subcaves | Visited triangular shrine 5771 | -10/Subcaves | Found Prototype Device 5773 | -10/Subcaves | Identified V3-11A's Pendant 5778 | -10/Subcaves | Befriended Subdweller 9903 | -10/Subcaves | Entered Materials 9903 | -8/Materials | Accompanied by 1 ally 9903 | -8/Materials | Evolved 4 slots: Propulsion x3, Utility x1 10889 | -8/Materials | Destroyed 7 combat bots 11045 | -8/Materials | Identified exit to Factory 11045 | -8/Materials | Discovered exit to Factory (range 16) 11532 | -8/Materials | Discovered exit to Factory (range 20) 12313 | -8/Materials | Discovered exit to Factory (range 15) 13011 | -8/Materials | Entered Factory 13011 | -7/Factory | Evolved 2 slots: Power x1, Utility x1 13012 | -7/Factory | Identified exit to Factory 13012 | -7/Factory | Identified exit to Lower Caves 13012 | -7/Factory | Identified exit to Storage 13013 | -7/Factory | Loaded intel: 90 trap records 13019 | -7/Factory | Identified exit to DSF 13860 | -7/Factory | Self-destructed Last Messages --------------- 13836_ Assembly Bed disabled. 13837_ K-01 Serf cleans the Assembly Bed. 13849_ U-05 Engineer builds a Door. 13853_ Connecting with Terminal... >>Schematic(L-41 Fighter) Downloading schematic... L-41 Fighter Tier: 4 Schematic downloaded. 13853_ ALERT: Suspicious activity at Terminal F008. Dispatching Investigation squad. 13855_ U-05 Engineer lays Concrete. 13857_ Chain reaction triggered in Lgt. Nuclear Core. 13857_ Terminal disabled. 13857_ Humpback destroyed. 13857_ Destroyed Humpback. 13859_ K-01 Serf collects debris. 13859_ U-05 Engineer lays Concrete. 13860_ Temporary Utility slot lost. Map ----- +----------------------------------------------------+ | | | | | ???????????????????????????################??????? | | ???????????????????????????# #??????? | | ???????????????????????????# #??????? | | ???????????????????????????# #??????? | | ???????????????????????????# #??????? | | ???????????????????????????# #??????? | | ???????????????????????????# #??????? | | ???????????????????????????########+############## | | ????????????????????????????????# | | ???????????????????? ??????????# ############ | | ????????????????????# ??????????# ############ | | ????????????????????# ########### # | | ????????????????????# ^ ^ # """ | | ????????????????????# ^ ^ ^ # """ | | ?????????????######## ^"""""" """""" # """ | | ????????????? """""" """""" # !!* | | ????????????? " """""" # !! """ | | ???????????? " """""" + !! """ | | ????????????? u[ %# """ | | ??????????????????# t%=!] """T""" # | | ??????????????????# k[*]#!#########%# | | ??????????????????# ;]/*! #?## #* | | ??????????????"""?# g;g!]"""t #?#=%! | | ??????????????"""?# ;@![T"" #?#" "########### | | ??????????????"""?# g #!]][! ###"="### #? | | ??????????????????+ ??#![*! + =%! + ""#? | | ??????????????"""?# ????#![[""" ####+#### T"#? | | ??????????????"""???????#!""""" ## # ""## | | ??????????????"""???????#!""""" ## # # | | ????????????????????????# ##""" # # | | ????????????????????????###########"R ####+### | | ??????????????????????????????? #?#""" #??# #?# | | ??????????????????????????????? #?# #??# #### | | ??????????????????????????????? #?########??# | | ??????????????????????????????? #??# #?######+#### | | ??????????????????????????????? #??# ###* | | ??????????????????????????????? #??# # | | ??????????????????????????????? #??##### """ """ " | | ??????????????????????????????? #??????# """ """ " | | ??????????????????????????????? #??????# """ """ " | | ??????????????????????????????? #??????# | | ???????????????????????????????##??????########### | | ?????????????????????????????????????????????????? | | ?????????????????????????????????????????????????? | | ?????????????????????????????????????????????????? | | ?????????????????????????????????????????????????? | | ?????????????????????????????????????????????????? | | ?????????????????????????????????????????????????? | +----------------------------------------------------+ Best States ------------- Heat Dissipation 48 Energy Generation 25 Energy Capacity 470 Matter Stores 300 Matter Capacity 300 Sight Range 16 Terrain Scan Range 16 Terrain Scan Density 85 Resistance: KI 35 Resistance: TH 35 Resistance: EX 35 Resistance: EM 35 Resistance: I 35 Resistance: S 35 Resistance: P 35 Evasion (%) 55 Kinecelleration 30 Offensive Hacking 20 Item Schematics ----------------- None Robot Schematics ------------------ L-41 Fighter | -7/Factory | Hacked Fabricated ------------ Nothing Repaired ---------- Nothing Studied --------- Imp. Aluminum Leg | -8/Materials | Hacked Titanium Leg | -8/Materials | Hacked VSS Leg | -8/Materials | Hacked Alien Tech Used ----------------- None Achievements -------------- SUBSUB Challenges ------------ None Game ------ Seed CoolingZhirovVibroblade Manual? 0 Play Time 00:51:26 Cumulative 77.5 hours Start 2025.11.12 @ 11:06:31 End 2025.11.12 @ 11:54:03 Sessions 1 Manual Loads 0 Difficulty Explorer Special Mode None Game No. 64 Rogue 0 Adventurer 0 Explorer 64 Win Type - Total 0 Types 0/0/0/0/0/0/0/0/0/0 Lore% 51 Gallery% 53 Achievement% 42 Wizard Run 0 Options --------- Layout 1 ASCII 0 Keyboard 0 Movement Mouse Keybinds 0 Fullscreen 1 Font 24/Smallcaps Map View 50x35 Zoom Use 0% Tactical HUD 1 Map Filters NONE Filters NONE Steam 1 RUN: 74b93e01-afaa-4cdd-82fd-4d63f6a0427e